 Dungeon Crawl Stone Soup version 0.20.1-1-g8b1a95d (webtiles) character file.

39710 HammerPanzer the Minotaur Blade (level 13, 39/144 HPs)
             Began as a Minotaur Berserker on Nov 2, 2017.
             Was the Champion of Trog.
             Quit the game on level 14 of the Dungeon.
             The game lasted 00:50:26 (16119 turns).

HammerPanzer the Minotaur Blade (MiBe)             Turns: 16119, Time: 00:50:28

Health: 39/144     AC:  2    Str: 23    XL:     13   Next: 70%
Magic:  2/30       EV: 12    Int:  7    God:    Trog [******]
Gold:   149        SH:  4    Dex: 11    Spells: 12/12 levels left

rFire    . . .     SeeInvis +   a - +3 great sword (holy)
rCold    . . .     Gourm    .   (shield currently unavailable)
rNeg     . . .     Faith    .   (no armour)
rPois    .         Spirit   +   (helmet restricted)
rElec    .         Reflect  .   (no cloak)
rCorr    .         Harm     .   (no gloves)
MR       .....     Rnd*Tele +   o - +0 pair of boots
Stlth    +.........             h - amulet of guardian spirit
Regen    0.4/turn               i - ring of magical power
MPRegen  0.3/turn               r - ring of magical power

@: mildly poisoned (39 -> 39), marked, berserk cooldown, very slightly
contaminated, slowed, very slow
A: retaliatory headbutt, horns 2, large bone plates 1, rugged brown scales 1,
see invisible, blink, clever 1, robust 1, teleportitis 1, weak 1
a: Blink, Berserk, Trog's Hand, Brothers in Arms, Burn Spellbooks, Renounce
Religion


You were on level 14 of the Dungeon.
You worshipped Trog.
Trog was exalted by your worship.
You were hungry.

You visited 1 branch of the dungeon, and saw 14 of its levels.

You collected 1508 gold pieces.
You spent 1359 gold pieces at shops.

Inventory:

Hand Weapons
 a - a +3 great sword of holy wrath (weapon)
 l - a +5 long sword of protection
 v - a +1 antimagic demon blade
 T - a +5 great sword of freezing
Missiles
 F - 3 tomahawks of returning (quivered)
Armour
 k - a +1 plate armour of poison resistance
 o - a +0 pair of boots (worn)
 H - a +0 shield
 K - the +10 plate armour of the Dwarven Hall {-Cast rF+ rCorr Dex+4 Slay+3}
   (You bought it in a shop on level 14 of the Dungeon)

   It affects your dexterity (+4).
   It affects your accuracy and damage with ranged weapons and melee attacks
   (+3).
   It protects you from fire.
   It prevents spellcasting.
   It protects you from acid and corrosion.
Jewellery
 h - an amulet of guardian spirit (around neck)
 i - a ring of magical power (left hand)
 r - a ring of magical power (right hand)
 D - a +2 amulet of reflection
 L - an uncursed ring of positive energy
Wands
 t - a wand of flame (42/48)
 x - a wand of paralysis (8/24)
 A - a wand of digging (7/24)
 I - a wand of confusion (13/48)
 S - a wand of confusion (29/48)
Scrolls
 b - 10 scrolls of remove curse
 s - 3 scrolls of magic mapping
 U - 3 scrolls of identify
 V - a scroll of enchant weapon
Potions
 f - 3 potions of agility
 j - a potion of mutation
 n - 2 potions of ambrosia
 p - a potion of resistance
 u - 4 potions of lignification {unknown}
 w - 4 potions of flight
 z - a potion of invisibility {unknown}
 E - 2 potions of magic {unknown}
 G - a potion of cancellation {unknown}
 P - 2 potions of curing {unknown}
Books
 q - a book of Changes

   Spells                             Type                      Level
   a - Beastly Appendage              Transmutation                1
   b - Sticks to Snakes               Transmutation                2
   c - Spider Form                    Transmutation/Poison         3
   d - Ice Form                       Ice/Transmutation            4
   e - Blade Hands                    Transmutation                5
   Trog disapproves of the use of such an item.
 B - a book of Callings

   Spells                             Type                      Level
   a - Summon Small Mammal            Summoning                    1
   b - Call Imp                       Summoning                    2
   c - Call Canine Familiar           Summoning                    3
   d - Summon Guardian Golem          Hexes/Summoning              3
   e - Summon Lightning Spire         Summoning/Air                4
   f - Summon Ice Beast               Ice/Summoning                4
   Trog disapproves of the use of such an item.
 J - a book of Clouds

   Spells                             Type                      Level
   a - Poisonous Vapours              Poison/Air                   2
   b - Mephitic Cloud                 Conjuration/Poison/Air       3
   c - Conjure Flame                  Conjuration/Fire             3
   d - Freezing Cloud                 Conjuration/Ice/Air          6
   e - Ring of Flames                 Charms/Fire                  7
   Trog disapproves of the use of such an item.
 N - a book of Transfigurations

   Spells                             Type                      Level
   a - Irradiate                      Conjuration/Transmutation    5
   b - Statue Form                    Transmutation/Earth          6
   c - Hydra Form                     Transmutation                6
   d - Dragon Form                    Transmutation                7
   Trog disapproves of the use of such an item.
 R - a book of Power

   Spells                             Type                      Level
   a - Iskenderun's Battlesphere      Conjuration/Charms           5
   b - Venom Bolt                     Conjuration/Poison           5
   c - Bolt of Magma                  Conjuration/Fire/Earth       5
   d - Iron Shot                      Conjuration/Earth            6
   e - Orb of Destruction             Conjuration                  7
   f - Spellforged Servitor           Conjuration/Summoning        7
   Trog disapproves of the use of such an item.
Miscellaneous
 y - a fan of gales
Comestibles
 c - 4 bread rations
 d - 2 chunks of flesh
 g - 11 meat rations
 m - 19 royal jellies
 C - 9 fruits


   Skills:
 + Level 15.8 Fighting
 * Level 21.2 Long Blades
 - Level 2.4 Armour
 - Level 2.1 Dodging


You had 12 spell levels left.
You didn't know any spells.

Dungeon Overview and Level Annotations

Branches:
Dungeon (14/15)            Temple (0/1) D:5            Lair (0/6) D:11
    Orc (0/2) D:11
 Vaults: D:13-14

Altars:
Ashenzari
Dithmenos
Fedhas
Nemelex Xobeh
Okawaru
Sif Muna
Trog
Uskayaw
Xom
Yredelemnul
Zin

Shops:
D:14 [

Annotations:
D:14 Rupert


Innate Abilities, Weirdness & Mutations

You reflexively headbutt those who attack you in melee.
You have a pair of horns on your head.
You are partially covered in large bone plates. (SH +4)
You are partially covered in rugged brown scales. (AC +1, +3% HP)
You have supernaturally acute eyesight. (SInv)
You can translocate small distances at will.
Your mind is acute. (Int +2)
You are robust. (+10% HP)
You are occasionally teleported next to monsters.
You are weak. (Str -2)


Message History

You feel sick. You block the deep elf mage's attack.
The death knight offers itself to Yredelemnul, and fills with unholy energy.
A freezing wraith comes into view.
Blink to where?
Press: ? - help, Dir - move target cursor You are very lightly contaminated with residual magic.
As you read the scroll of blinking, it crumbles to dust.
A jelly comes into view.
The deep elf mage gestures wildly while chanting.
The deep elf mage blinks!
The death knight mumbles some strange prayers to Yredelemnul against you.
Your body is wracked with pain!
You blink.
You feel slightly more hungry.
A wraith and a freezing wraith come into view.
You feel sick.
The deep elf mage points at you and mumbles some strange words.
The shard of ice hits you!
* * * LOW HITPOINT WARNING * * *
Okay, then.
Are you sure you want to abandon this character and quit the game? (Confirm with "yes".)

##.#### #.........#
#.....(### 8.∩.8.#
##.########
#####.## ##.##.#
#....# ...#
#8...#######§######
+####
#..#...§...zJ.....#
#######...........#
#...........##
#......e.....#...
#..p.W...@.W.....
#...........##...
#...........#
#..W.W......#
##'#######.###
..#####...##
#..........#
#^##...(.#
#...#....#


You could see a death knight, a skeletal warrior, 3 freezing wraiths, a deep elf
mage, a wraith and a jelly.

Vanquished Creatures
  Nessos (D:13)
  Josephine (D:10)
  2 hydras
  2 centaur warriors
  7 two-headed ogres
  An ogre mage (D:14)
  A tengu warrior (D:13)
  Urug (D:10)
  The ghost of papiloppo the Chopper, a novice MiBe of Trog (D:7)
  4 ugly things (D:11)
  2 deep elf magi
  A manticore (D:13)
  5 cyclopes
  A centaur zombie (D:13)
  2 gargoyles
  2 kobold demonologists (D:12)
  5 yaktaurs (D:14)
  A troll (D:13)
  A queen bee (D:9)
  3 slime creatures
  A hornet (D:14)
  8 hippogriffs
  The ghost of Folque the Conjurer, an amateur TeCj (D:4)
  Sigmund (D:6)
  11 wraiths
  A shadow (D:14)
  5 wyverns
  33 yaks
  Grum (D:10)
  5 hungry ghosts
  A steam dragon (D:10)
  2 vampire mosquitoes (D:12)
  Edmund (D:6)
  6 ice beasts
  12 orc warriors
  5 sky beasts
  A phantom (D:8)
  A black bear (D:13)
  3 wolves (D:10)
  A boggart (D:14)
  11 ogres
  11 centaurs
  5 big kobolds
  12 bullfrogs
  A wyvern zombie (D:12)
  A scorpion (D:7)
  A wyvern skeleton (D:7)
  20 killer bees (D:9)
  8 wights (D:11)
  2 howler monkeys (D:12)
  7 crimson imps
  5 bullfrog zombies
  7 jellies
  2 bullfrog skeletons
  14 orc priests
  2 hounds
  2 centaur skeletons
  5 iguanas
  15 orc wizards
  15 worker ants
  A hound zombie (D:7)
  2 hound skeletons
  A howler monkey zombie (D:9)
  A worker ant zombie (D:8)
  5 gnolls
  8 adders
  5 shadow imps
  7 oozes
  An adder skeleton (D:7)
  2 worms
  3 dart slugs
  7 leopard geckos
  59 orcs
  A ball python (D:3)
  8 giant cockroaches
  5 goblins
  11 hobgoblins
  7 quokkas
  5 bats
  A frilled lizard (D:3)
  A jackal zombie (D:5)
  16 kobolds
  3 leopard gecko skeletons
  A quokka skeleton (D:5)
  3 rats
454 creatures vanquished.

Vanquished Creatures (others)
  An adder (D:10)
1 creature vanquished.

Grand Total: 455 creatures vanquished

Notes
Turn   | Place    | Note
-------+----------+-------------------------------------------
     0 | D:1      | HammerPanzer the Minotaur Berserker began the quest for the Orb.
     0 | D:1      | Reached XP level 1. HP: 19/19 MP: 0/0
    44 | D:1      | Reached skill level 4 in Long Blades
   249 | D:1      | Reached XP level 2. HP: 27/27 MP: 1/1
  1021 | D:2      | Found a glowing silver altar of Zin.
  1021 | D:2      | Noticed an angel
  1198 | D:2      | Reached XP level 3. HP: 33/33 MP: 2/2
  1231 | D:2      | Found a sparkling altar of Nemelex Xobeh.
  1245 | D:2      | Found a bloodstained altar of Trog.
  1479 | D:3      | Found a deep blue altar of Sif Muna.
  1558 | D:3      | Reached ** piety under Trog
  1711 | D:3      | Reached skill level 5 in Long Blades
  1721 | D:3      | Reached XP level 4. HP: 20/41 MP: 3/3
  2002 | D:3      | Found a hide-covered altar of Uskayaw.
  2258 | D:3      | HP: 2/41 [kobold/whip of electrocution (24)]
  2581 | D:3      | Reached skill level 5 in Fighting
  2581 | D:3      | Reached skill level 6 in Long Blades
  2581 | D:3      | Reached XP level 5. HP: 46/48 MP: 4/4
  2887 | D:4      | Noticed Folque's ghost (amateur TeCj)
  2900 | D:4      | Killed Folque's ghost
  2900 | D:4      | Reached skill level 7 in Long Blades
  2900 | D:4      | Reached XP level 6. HP: 16/56 MP: 5/5
  3778 | D:5      | Entered Level 5 of the Dungeon
  3836 | D:5      | Found a staircase to the Ecumenical Temple.
  3885 | D:5      | Noticed an ice beast
  3894 | D:5      | Killed an ice beast
  3894 | D:5      | Reached skill level 8 in Long Blades
  3894 | D:5      | Reached XP level 7. HP: 50/63 MP: 6/6
  3911 | D:5      | Found a shimmering altar of Xom.
  4038 | D:5      | Found a basalt altar of Yredelemnul.
  4462 | D:6      | Noticed a two-headed ogre
  4470 | D:6      | Reached skill level 9 in Long Blades
  4475 | D:6      | Killed a two-headed ogre
  4475 | D:6      | Reached skill level 10 in Long Blades
  4475 | D:6      | Reached XP level 8. HP: 56/74 MP: 7/7
  4674 | D:6      | Noticed Sigmund
  4679 | D:6      | Killed Sigmund
  4679 | D:6      | Reached *** piety under Trog
  4679 | D:6      | Reached skill level 11 in Long Blades
  4782 | D:6      | Noticed Edmund
  4790 | D:6      | Killed Edmund
  4832 | D:6      | Found a shadowy altar of Dithmenos.
  5066 | D:6      | Reached XP level 9. HP: 82/82 MP: 8/8
  5413 | D:7      | Found an iron altar of Okawaru.
  5421 | D:7      | Found a blossoming altar of Fedhas.
  5453 | D:7      | Found a shattered altar of Ashenzari.
  5584 | D:7      | Reached skill level 12 in Long Blades
  5646 | D:7      | Noticed papiloppo's ghost (novice MiBe)
  5725 | D:7      | Killed papiloppo's ghost
  5781 | D:7      | Reached skill level 13 in Long Blades
  6016 | D:7      | Reached skill level 10 in Fighting
  6329 | D:8      | Reached **** piety under Trog
  6365 | D:8      | Killed a very large slime creature
  6365 | D:8      | Reached skill level 14 in Long Blades
  6365 | D:8      | Reached XP level 10. HP: 94/94 MP: 9/9
  6713 | D:8      | Noticed a four-headed hydra
  6719 | D:8      | Killed a five-headed hydra
  6774 | D:8      | Noticed a two-headed ogre
  6779 | D:8      | Killed a two-headed ogre
  6919 | D:8      | Reached skill level 15 in Long Blades
  7325 | D:8      | Found an iron altar of Okawaru.
  7491 | D:9      | Noticed a deep elf mage
  7501 | D:9      | Killed a deep elf mage
  7890 | D:9      | Reached ***** piety under Trog
  7898 | D:9      | Reached XP level 11. HP: 104/104 MP: 10/10
  7905 | D:9      | Reached skill level 16 in Long Blades
  8565 | D:9      | Noticed a two-headed ogre
  8577 | D:9      | Killed a two-headed ogre
  9042 | D:10     | Entered Level 10 of the Dungeon
  9514 | D:10     | Gained mutation: You are frail. (-10% HP) [mutagenic meat]
  9515 | D:10     | Gained mutation: You possess an exceptional clarity of mind. [mutagenic meat]
  9516 | D:10     | Gained mutation: You can translocate small distances at will. [mutagenic meat]
  9517 | D:10     | Gained mutation: You are clumsy. (Dex -2) [mutagenic meat]
  9518 | D:10     | Lost mutation: You are clumsy. (Dex -2) [mutagenic meat]
  9519 | D:10     | Gained mutation: You are weak. (Str -2) [mutagenic meat]
  9581 | D:10     | Noticed a two-headed ogre
  9593 | D:10     | Killed a two-headed ogre
  9593 | D:10     | Reached skill level 17 in Long Blades
  9806 | D:10     | Gained mutation: You have a pair of large horns on your head. [mutagenic meat]
  9807 | D:10     | Gained mutation: You have supernaturally acute eyesight. (SInv) [mutagenic meat]
  9809 | D:10     | Gained mutation: You occasionally shout uncontrollably at your foes. [mutagenic meat]
  9811 | D:10     | Gained mutation: You are partially covered in large bone plates. (SH +4) [mutagenic meat]
  9967 | D:10     | Received a gift from Trog
 10318 | D:10     | Noticed Urug
 10329 | D:10     | Killed Urug
 10395 | D:10     | Noticed Josephine
 10401 | D:10     | Killed Josephine
 10401 | D:10     | Reached XP level 12. HP: 103/103 MP: 11/11
 10407 | D:10     | Reached skill level 18 in Long Blades
 10503 | D:10     | Noticed Grum
 10512 | D:10     | Killed Grum
 10841 | D:11     | Found a staircase to the Lair.
 10941 | D:11     | Gained mutation: Your spells are a little harder to cast, but a little more powerful. [mutagenic meat]
 10942 | D:11     | Gained mutation: You are occasionally teleported next to monsters. [mutagenic meat]
 10945 | D:11     | Lost mutation: You have a pair of large horns on your head. [mutagenic meat]
 10946 | D:11     | Gained mutation: You are partially covered in rugged brown scales. (AC +1, +3% HP) [mutagenic meat]
 11031 | D:11     | Found a staircase to the Orcish Mines.
 11316 | D:11     | Lost mutation: Your spells are a little harder to cast, but a little more powerful. [potion of mutation]
 11316 | D:11     | Lost mutation: You occasionally shout uncontrollably at your foes. [potion of mutation]
 11316 | D:11     | Lost mutation: You are frail. (-10% HP) [potion of mutation]
 11316 | D:11     | Lost mutation: You possess an exceptional clarity of mind. [potion of mutation]
 11316 | D:11     | Gained mutation: Your mind is acute. (Int +2) [potion of mutation]
 11316 | D:11     | Gained mutation: You are robust. (+10% HP) [potion of mutation]
 11555 | D:11     | Reached skill level 19 in Long Blades
 11895 | D:12     | Received a gift from Trog
 12252 | D:12     | Reached ****** piety under Trog
 13347 | D:13     | Reached XP level 13. HP: 141/141 MP: 12/12
 13352 | D:13     | Noticed Nessos
 13364 | D:13     | Killed Nessos
 13364 | D:13     | Received a gift from Trog
 13364 | D:13     | Reached skill level 20 in Long Blades
 13648 | D:13     | Reached skill level 15 in Fighting
 15415 | D:14     | Reached skill level 21 in Long Blades
 15911 | D:14     | Received a gift from Trog
 16096 | D:14     | Found Otaec's Armour Emporium.
 16099 | D:14     | Bought the +10 plate armour of the Dwarven Hall {-Cast rF+ rCorr Dex+4 Slay+3} for 1359 gold pieces
 16105 | D:14     | Noticed Rupert
 16119 | D:14     | Quit the game

Skill      XL: |  1  2  3  4  5  6  7  8  9 10 11 12 13 |
---------------+----------------------------------------+-----
Long Blades    | 4 5 6 7 8 10 11 14 15 17 19 21 | 21.2
Fighting       | 4 5 6 8 10 12 13 14 15 | 15.8
Armour         | |  2.4
Dodging        | |  2.1

Action                   |  1- 3 |  4- 6 |  7- 9 | 10-12 | 13-15 || total
-------------------------+-------+-------+-------+-------+-------++-------
Melee: Falchion          |    67 |    62 |       |       |       ||   129
       Headbutt          |     9 |    11 |    39 |   173 |    40 ||   272
       Long sword        |       |    18 |   165 |   712 |       ||   895
       Great sword       |       |     1 |       |    54 |   178 ||   233
Throw: Tomahawk          |       |       |     3 |     3 |     7 ||    13
Invok: Berserk           |     1 |     2 |     8 |    22 |     9 ||    42
 Abil: Blink             |       |       |       |       |     1 ||     1
  Use: Scroll            |       |    10 |     2 |    15 |     7 ||    34
       Potion            |       |       |       |     5 |       ||     5
 Stab: Sleeping          |     1 |       |       |       |       ||     1
  Eat: Chunk             |     2 |     8 |    12 |    60 |    15 ||    97
       Royal jelly       |       |     1 |       |     1 |     1 ||     3
       Fruit             |       |       |     3 |     1 |       ||     4
Armor: Leather armour    |    13 |     1 |       |       |       ||    14
       Ring mail         |       |    29 |       |       |       ||    29
       Scale mail        |       |       |    47 |     8 |       ||    55
       Plate armour      |       |       |       |   343 |   105 ||   448
Dodge: Dodged            |    50 |    47 |    53 |   217 |    59 ||   426
Block: Other             |       |       |       |    69 |    35 ||   104
       Rpst.: Falchion   |     8 |    10 |       |       |       ||    18
       Long sword        |       |     4 |    19 |    55 |       ||    78
       Great sword       |       |       |       |     2 |     8 ||    10
